 Dungeon Crawl Stone Soup version 0.17.0-24-gcfadda4 (webtiles) character file.

204 tp1 the Conjurer (level 5, -1/28 HPs)
             Began as a Deep Elf Conjurer on Nov 15, 2015.
             Slain by an orc warrior
             ... wielding a +0 dire flail
              (17 damage)
             ... on level 3 of the Dungeon.
             The game lasted 00:09:41 (4021 turns).

tp1 the Conjurer (Deep Elf Conjurer)                Turns: 4021, Time: 00:09:41

Health: -1/28      AC:  7    Str:  5    XL:     5   Next: 52%
Magic:  1/13       EV: 13    Int: 21    God:
Gold:   168        SH:  0    Dex: 15    Spells: 3 memorised, 4 levels left

rFire  . . .     SeeInvis .     d - +1 mace (protect)
rCold  . . .     Clarity  .     a - +0 robe
rNeg   . . .     SustAt   .     (no shield)
rPois  .         Gourm    .     (no helmet)
rElec  .         Spirit   .     (no cloak)
rCorr  .         Warding  .     (no gloves)
rMut   .         Stasis   .     (no boots)
MR     .....                    (no amulet)
Stlth  ++........               (no ring)
                                (no ring)

@: not resistant to hostile enchantments, unstealthy
A: no striking features
a: no special abilities


You were on level 3 of the Dungeon.
You were not hungry.

You visited 1 branch of the dungeon, and saw 3 of its levels.

You collected 168 gold pieces.

Inventory:

Hand Weapons
 d - a +1 mace of protection (weapon)
Armour
 a - a +0 robe (worn)
Jewellery
 p - a cursed +2 ring of intelligence {unknown}
Scrolls
 e - a scroll of fear {unknown}
 i - 2 scrolls of teleportation {unknown}
 j - 2 scrolls of remove curse {unknown}
 o - 2 scrolls of identify {unknown}
 q - 2 scrolls of blinking {unknown}
 s - a scroll of magic mapping {unknown}
 u - a scroll of enchant weapon {unknown}
 v - a scroll of noise {unknown}
Potions
 h - a potion of magic {unknown}
 k - a potion of curing {unknown}
 l - a potion of brilliance {unknown}
 m - a potion of mutation {unknown}
 n - a potion of heal wounds {unknown}
Books
 b - a book of Conjurations

   Spells                             Type                      Level
   a - Magic Dart                     Conjuration                  1
   b - Searing Ray                    Conjuration                  2
   c - Dazzling Spray                 Conjuration/Hexes            3
   d - Fulminant Prism                Conjuration/Hexes            4
   e - Iskenderun's Mystic Blast      Conjuration                  4
   f - Iskenderun's Battlesphere      Conjuration/Charms           5
Comestibles
 c - 2 bread rations
 f - 4 meat rations
 g - a slice of pizza
 r - a royal jelly
 t - 2 chunks of flesh


   Skills:
 - Level 2.4 Dodging
 - Level 2.4 Stealth
 - Level 4.0 Spellcasting
 - Level 7.1 Conjurations
 + Level 0.4 Charms


You had 4 spell levels left.
You knew the following spells:

 Your Spells              Type           Power        Failure   Level  Hunger
a - Magic Dart            Conj           ####         1%          1    None
b - Searing Ray           Conj           ####..       1%          2    #......
d - Iskenderun's Battles  Conj/Chrm      ###.....     78%         5    ######.


Dungeon Overview and Level Annotations

Branches:
Dungeon (3/15)

Altars:


Message History

The orc warrior is moderately wounded.
The orc warrior hits you but does no damage.
The searing ray hits the orc warrior.
The orc warrior is heavily wounded.
The orc warrior hits you with a dire flail!
Casting: Searing Ray
Confirm with . or Enter, or press ? or * to list all spells.
Aiming: Searing Ray
Press: ? - help, Shift-Dir - straight line, f/p - orc warrior
Aim: an orc warrior, wielding a dire flail and wearing a plate armour (heavily wounded)
The searing ray hits the orc warrior.
The orc warrior is severely wounded.
The searing ray hits the orc warrior.
The orc warrior is severely wounded.
The orc warrior completely misses you.
The searing ray hits the orc warrior.
The orc warrior is severely wounded.
The orc warrior hits you with a dire flail!
Ouch! That really hurt!
You die...

#..)##'####### ## #............#
.. #.)..........# #.
#............# #..#............#
#..#)...........# ..
#...)...........#
#.###.#............# #####
.....)...o@......#### #..))
.......)#######.# #.###
....(...#....#..# #.#
##.##.#.#.##.#.## ###.###
#..#.[...##.#.# #...#<.
#.#.....+#.#.#####.#####
#.......##.#.....#..#
##......##.#####.##.####
########+##..######.#####.##..).#


You could see an orc warrior.

Vanquished Creatures
  An orc wizard (D:3)
  5 adders (D:2)
  4 gnolls (D:3)
  4 worms
  2 giant geckos
  9 orcs (D:3)
  5 bats
  2 giant cockroaches (D:1)
  13 goblins
  8 hobgoblins
  2 quokkas (D:2)
  A ball python (D:2)
  2 giant newts
  7 kobolds
  9 rats
74 creatures vanquished.

Notes
Turn   | Place    | Note
--------------------------------------------------------------
     0 | D:1      | tp1 the Deep Elf Conjurer began the quest for the Orb.
     0 | D:1      | Reached XP level 1. HP: 10/10 MP: 6/6
   156 | D:1      | Reached XP level 2. HP: 15/15 MP: 5/8
   197 | D:1      | Learned a level 2 spell: Searing Ray
   290 | D:1      | Reached skill level 5 in Conjurations
  1336 | D:1      | Reached XP level 3. HP: 19/19 MP: 4/9
  2177 | D:2      | Reached skill level 6 in Conjurations
  2272 | D:2      | Reached XP level 4. HP: 24/24 MP: 4/10
  3479 | D:3      | Noticed an orc warrior
  3485 | D:3      | Reached XP level 5. HP: 28/28 MP: 5/13
  3615 | D:3      | Learned a level 5 spell: Iskenderun's Battlesphere
  3861 | D:3      | Reached skill level 7 in Conjurations
  4021 | D:3      | Slain by an orc warrior

Action                   |  1- 3 |  4- 6 || total
-------------------------+-------+-------++-------
 Cast: Magic Dart        |    72 |    58 ||   130
       Searing Ray       |     3 |     6 ||     9
  Eat: Chunk             |     4 |     5 ||     9
